AoeStats
← Euro050

Golden Pit

509909933Analyzed
1v1 RM · 3d ago on Sep 28, 2026· 39m 2s· 2 players
Game mode
Random Map
Map size
Tiny (2 player)
Population
200
Speed
Normal
Resources
Standard
Victory
Conquest
Starting age
Dark Age
Ending age
Imperial Age
RankedLock teamsTeams togetherTeam positionsShared explorationLock speedFull tech treeHidden civsTurbo modeCheats
Victory
Defeat
🇭🇰 Spanish · Hong Kong SAR China
1495
+18
🇳🇱 Berbers · Netherlands
1548
-18
文風
10:45 Loom
12:30 Feudal Age
18:10 Castle Age
17:30 Double-Bit Axe
17:35 Horse Collar
19:12 Bow Saw
21:48 Husbandry
24:43 Wheelbarrow
24:44 Heavy Plow
25:32 Stone Mining
25:32 Gold Mining
31:12 Imperial Age
29:46 Padded Archer Armor
29:36 Fletching
29:48 Scale Mail Armor
30:10 Squires
29:31 Pikeman
30:56 Leather Archer Armor
30:37 Elite Skirmisher
32:05 Ballistics
32:16 Bodkin Arrow
34:16 Ring Archer Armor
33:46 Bracer
34:02 Chain Mail Armor
33:57 Forging
34:05 Halberdier
37:07 Chemistry
38:06 Plate Mail Armor
37:42 Scale Barding Armor
38:12 Iron Casting
37:49 Bloodlines
Euro050
8:52 Loom
10:38 Feudal Age
16:22 Castle Age
15:03 Double-Bit Axe
16:25 Horse Collar
17:19 Fletching
21:12 Bodkin Arrow
21:31 Padded Archer Armor
24:04 Ballistics
26:43 Town Watch
29:58 Imperial Age
29:13 Bow Saw
29:57 Husbandry
30:11 Bloodlines
31:23 Bracer
33:45 Wheelbarrow
33:50 Bow Saw
35:46 Scale Barding Armor
36:30 Forging
37:22 Heavy Plow
Connection lost

Rejoining the realm…

Still unreachable

The connection could not be restored.

Session expired

The server has moved on; the page needs a fresh start.